 Dungeon Crawl Stone Soup version 0.31.0-32-g396128a36d (webtiles) character file.

Game seed: 13792242422294173260

19238 greenbourne the Bewitcher (level 12, 0/64 HPs)
             Began as a Felid Enchanter on Apr 12, 2024.
             Was an Initiate of Gozag.
             Killed from afar by an oklob plant (30 damage)
             ... with a splash of acid
             ... on level 3 of the Lair of Beasts.
             The game lasted 00:44:22 (20641 turns).

greenbourne the Bewitcher (Felid Enchanter)        Turns: 20641, Time: 00:44:22

Health: 0/64       AC:  7    Str:  4    XL:     12   Next: 34%
Magic:  22/22      EV: 27    Int: 24    God:    Gozag
Gold:   2023       SH:  0    Dex: 17    Spells: 3/23 levels left
                                        Lives:  0   Deaths: 4

rFire   . .          .
                       - Unarmed
rCold   + . .        (shield unavailable)
rNeg    . . .        (body armour unavailable)
rPois   .            (helmet unavailable)
rElec   .            (cloak unavailable)
rCorr   .            (gloves unavailable)
SInv    +            (boots unavailable)
Will    +....        (no amulet)
Stlth   +            v - ring of wizardry
HPRegen 0.30/turn    L - +4 ring of protection
MPRegen 0.18/turn

%: wizardry (x1)
@: lethally poisoned (0 -> -33), flux-form, glowing
A: glow, contaminating, very small, claws 1, fangs 3, see invisible, shaggy fur
3, stealthy paws, no weapons or thrown items, no armour, multi-lived, mutation
resistance 1
a: Begin Untransformation, Renounce Religion, Potion Petition, Call Merchant,
Bribe Branch


You were on level 3 of the Lair of Beasts.
You worshipped Gozag.
Gozag was most pleased with you.
You were something dangerously unstable.
You visited 3 branches of the dungeon, and saw 15 of its levels.

You collected 2540 gold pieces.
You paid 517 gold pieces to Gozag.

Inventory:

Jewellery
 v - a ring of wizardry (left paw)
 w - a +6 ring of intelligence
 z - a ring of magical power
 A - a ring of resist corrosion
 K - a ring of ice
 L - a +4 ring of protection (right paw)
 N - a ring of ice
Talismans
 g - a flux talisman (active)
 i - a maw talisman
 y - a blade talisman
Wands
 m - a wand of flame (13)
 n - a wand of polymorph (8)
 t - a wand of acid (17)
 H - a wand of charming (3)
 O - a wand of iceblast (10)
Scrolls
 c - 3 scrolls of summoning
 e - a scroll of silence
 l - 3 scrolls of teleportation
 p - 2 scrolls of revelation
 q - 5 scrolls of immolation
 r - a scroll of poison {unknown}
 x - a scroll of amnesia {unknown}
 D - a scroll of fog {unknown}
 F - 2 scrolls of vulnerability {unknown}
 I - a scroll of fear {unknown}
Potions
 a - a potion of invisibility
 b - 8 potions of lignification
 d - a potion of resistance
 f - a potion of haste
 h - a potion of might {unknown}
 j - a potion of mutation
 k - 4 potions of curing
 o - 2 potions of heal wounds {unknown}
 s - 2 potions of enlightenment
 u - a potion of brilliance {unknown}
 C - a potion of ambrosia {unknown}
 E - 2 potions of berserk rage {unknown}
 J - a potion of attraction {unknown}
 M - a potion of degeneration {unknown}
Miscellaneous
 B - a condenser vane
 G - a sack of spiders (inert)


   Skills:
 + Level 7.9 Fighting
 + Level 9.9 Dodging
 - Level 4.0 Stealth
 + Level 7.8 Unarmed Combat
 - Level 6.0 Spellcasting
 - Level 15.8 Hexes
 - Level 4.0 Translocations
 - Level 1.0 Fire Magic
 - Level 1.5 Ice Magic
 - Level 3.0 Evocations
 - Level 7.0 Shapeshifting


You had 3 spell levels left.
You knew the following spells:

 Your Spells              Type           Power      Damage    Failure   Level
a - Ensorcelled Hibernat  Hex/Ice        96%        N/A       1%          2
b - Confusing Touch       Hex            70%        N/A       1%          3
c - Tukima's Dance        Hex            70%        N/A       1%          3
d - Volatile Blastmotes   Fire/Tloc      38%        2d13      3%          3
e - Jinxbite              Hex            100%       N/A       0%          2
f - Enfeeble              Hex            35%        N/A       4%          7

Your spell library contained the following spells:

 Spells                   Type           Power      Damage    Failure   Level
 Dazzling Flash           Conj/Hex       90%        N/A       1%          3
 Kiss of Death            Conj/Necr      28%        2d7       3%          1
 Fugue of the Fallen      Necr           7%         N/A       10%         3
 Anguish                  Hex/Necr       22%        N/A       1%          4
 Yara's Violent Unravell  Hex/Alch       22%        3d10      3%          5
 Dispel Undead            Necr           7%         3d8       30%         4
 Starburst                Conj/Fire      4%         6d4       98%         6
 Maxwell's Capacitive Co  Air            3%         ∞         100%        8


Dungeon Overview and Level Annotations

Branches:
Dungeon (11/15) Zot: 25772  Temple (1/1) D:5 Zot: 5998    Lair (3/5) D:11 Zot: 19814
  Swamp: Lair:2-3    Shoals: Lair:2-3     Snake: Lair:2-3    Spider: Lair:2-3
    Orc: D:9-12

Altars:
Ashenzari
Cheibriados
Dithmenos
Elyvilon
Fedhas
Gozag
Hepliaklqana
Kikubaaqudgha
Makhleb
Nemelex Xobeh
Okawaru
Qazlal
Ru
Sif Muna
Trog
Uskayaw
Vehumet
Wu Jian
Xom
Yredelemnul
Zin
The Shining One

Annotations:
D:3 1 runed translucent door, Route97's ghost, amateur GnHu
D:4 3 runed translucent doors, namarukai's ghost, weakling FoDe
D:6 exclusions: 3 doors and steam dragon
D:7 1 runed translucent door, Crazy Yiuf
D:9 4 transporters
Lair:3 exclusion: 2 oklob plants, Nessos


Innate Abilities, Weirdness & Mutations

You are something dangerously unstable.
You glow with magical radiation, making you easy to see and hit.
Foes you strike become dangerously contaminated with magical radiation.
You have sharp claws.
You have razor-sharp teeth.
You have supernaturally acute eyesight. (SInv)
Your thick and shaggy fur keeps you warm. (AC +3, rC+)
Your paws help you pounce on unaware monsters.
You are incapable of wielding weapons or throwing items.
You cannot wear armour.
You gain extra lives every three experience levels.
You are somewhat resistant to further mutation.


Message History

You kill the yak!
You now have 1994 gold pieces (gained 10).
Magic restored.
HP restored.
Key pressed, stopping explore.
You now have 2006 gold pieces (gained 12).
Key pressed, stopping explore.
Key pressed, stopping explore.
Key pressed, stopping explore.
As you open the door, it creaks loudly!
There is an open door here.
There is an open door here.
Key pressed, stopping explore.
Key pressed, stopping explore.
You see here 4 stones.
Found a scroll of enchant armour.
You see here a scroll of enchant armour.
You see here a scroll of enchant armour.
You now have 2023 gold pieces (gained 17).
There is an escape hatch in the ceiling here.
Key pressed, stopping explore.
There is a stone staircase leading down here.
You climb downwards.
Marking area around 2 oklob plants as unsafe for travelling.
Found a great mace.
Found two escape hatches in the floor.
Found two stone staircases leading up.
There is a stone staircase leading up here.
Aiming: Polymorph
Press: ? - help, Shift-Dir - straight line, f - Nessos
Aim: Nessos, wearing a +0 barding (asleep, will become a sun moth, a wind drake, or a redback, chance to affect: 56%) Nessos shouts!
Nessos resists with significant effort.
You hear an angry hiss.
Nessos wields a +3 longbow of flaming.
It bursts into flame!
Nessos shoots an arrow.
The arrow hits you!! The arrow burns you!
You are poisoned.
The oklob plant spits acid at you. The splash of acid hits you!!
You die...
Your body crumbles into a pile of gold.

#..............
...........k...
.....P........#
.........)...#
....c........#
.....>.......##
..............#
...<.<.p...P..#
..............#
.....>........#
...............
..............P
.....P.......##
.............#
##..........##


You could see Nessos, 2 oklob plants and a rime drake.

Vanquished Creatures
  Harold (D:10)
  A catoblepas (Lair:2)
  Erica (Lair:1)
  3 boulder beetles
  An ugly thing (D:11)
  A black mamba (Lair:2)
  5 cane toads
  A komodo dragon (Lair:2)
  An unseen horror (D:10)
  2 kobold demonologists
  A polar bear (Lair:2)
  3 blink frogs (Lair:1)
  A vampire (D:10)
  32 yaks
  4 wyverns
  3 basilisks
  3 water moccasins (Lair:1)
  Menkaure (D:7)
  2 orc warriors
  A sky beast (D:7)
  A black bear (D:5)
  An ice beast (D:6)
  6 wolves
  2 kobold brigands
  5 bullfrogs
  5 killer bees
  A howler monkey (D:10)
  2 hounds (D:6)
  2 quasits (D:8)
  A jelly (D:4)
  A bombardier beetle (D:5)
  4 orc priests
  3 iron imps (D:10)
  A sleepcap (D:6)
  16 orc wizards
  Terence (D:3)
  7 gnolls
  7 adders
  4 shadow imps
  2 white imps
  8 ufetubi
  2 dart slugs
  5 ribbon worms
  23 orcs
  6 ball pythons
  10 endoplasms
  3 giant cockroaches
  4 goblins
  4 hobgoblins
  4 jackals
  5 quokkas
  2 bats
  2 frilled lizards
  14 kobolds
  5 rats
237 creatures vanquished.

Vanquished Creatures (collateral kills)
  2 two-headed ogres
  2 cane toads (Lair:2)
  Maggie (D:7)
  A water moccasin (Lair:2)
  An orc warrior (D:9)
  An ogre (D:6)
  2 centaurs
  A gnoll sergeant (D:9)
  8 orc wizards
  4 gnolls
  23 orcs
  A goblin (D:4)
  A hobgoblin (D:4)
  A kobold (D:9)
49 creatures vanquished.

Vanquished Creatures (others)
  15 dancing weapons
  An orc wizard (D:8)
  A bat (D:1)
17 creatures vanquished.

Grand Total: 303 creatures vanquished

Notes
Turn   | Place    | Note
-------+----------+-------------------------------------------
     0 | D:1      | greenbourne the Felid Enchanter began the quest for the
                  | Orb.
     0 | D:1      | Reached XP level 1. HP: 9/9 MP: 4/4
   130 | D:1      | Reached XP level 2. HP: 13/13 MP: 6/6
   133 | D:1      | Learned a level 2 spell: Ensorcelled Hibernation
   520 | D:1      | Reached skill level 1 in Ice Magic
   962 | D:2      | Slain by a kobold
   962 | D:2      | Lost a life (0 lives remaining)
   967 | D:2      | Found a shadowy altar of Dithmenos.
   978 | D:2      | Reached skill level 5 in Hexes
  1226 | D:2      | Reached XP level 3. HP: 10/16 MP: 0/7
  1372 | D:2      | Learned a level 3 spell: Confusing Touch
  1713 | D:2      | Found a faded altar of an unknown god.
  1872 | D:2      | Reached XP level 4. HP: 21/21 MP: 6/9
  1872 | D:2      | Gained a life (1 life remaining)
  2621 | D:2      | Learned a level 3 spell: Tukima's Dance
  2881 | D:3      | Gained mutation: You are somewhat resistant to further
                  | mutation. [potion of mutation]
  2881 | D:3      | Slain by a gnoll
  2881 | D:3      | Lost a life (0 lives remaining)
  2929 | D:3      | Noticed Terence
  2941 | D:3      | Killed Terence
  2942 | D:3      | Reached skill level 6 in Hexes
  2945 | D:3      | Reached XP level 5. HP: 22/24 MP: 10/10
  3823 | D:3      | Found a runed translucent door.
  3823 | D:3      | Noticed Route97's ghost (amateur GnHu)
  4326 | D:4      | Found a faded altar of an unknown god.
  4326 | D:4      | Found a faded altar of an unknown god.
  4332 | D:4      | Found an opulent altar of Gozag.
  4334 | D:4      | Found an ornate altar of the Wu Jian Council.
  4336 | D:4      | Found a hide-covered altar of Uskayaw.
  4390 | D:4      | Reached skill level 1 in Fighting
  4390 | D:4      | Gained mutation: You are covered in thick fur. (AC +2)
                  | [Felid growth]
  4390 | D:4      | Reached XP level 6. HP: 23/30 MP: 4/11
  4429 | D:4      | Became a worshipper of Gozag Ym Sagoz the Greedy
  4480 | D:4      | You fall into a shaft and drop 3 floors!
  4483 | D:7      | Noticed an ice beast
  4488 | D:5      | Entered Level 5 of the Dungeon
  4608 | D:4      | Found a runed translucent gate.
  4609 | D:4      | Found a runed translucent gate.
  4609 | D:4      | Found a runed translucent gate.
  4611 | D:4      | Noticed namarukai's ghost (weakling FoDe)
  6314 | D:5      | Found a staircase to the Ecumenical Temple.
  6377 | Temple   | Entered the Ecumenical Temple
  6854 | D:6      | Reached XP level 7. HP: 26/35 MP: 8/12
  6854 | D:6      | Gained a life (1 life remaining)
  7205 | D:6      | Noticed a steam dragon
  7234 | D:6      | Reached skill level 5 in Unarmed Combat
  7813 | D:6      | Found an ancient bone altar of Kikubaaqudgha.
  8349 | D:6      | Reached skill level 5 in Dodging
  8349 | D:6      | Reached skill level 1 in Translocations
  8357 | D:6      | Learned a level 3 spell: Volatile Blastmotes
  8417 | D:7      | Noticed Menkaure
  8453 | D:6      | Reached skill level 1 in Fire Magic
  8860 | D:6      | Reached XP level 8. HP: 14/42 MP: 8/13
  9347 | D:7      | Reached skill level 5 in Fighting
  9370 | D:7      | Reached skill level 1 in Evocations
  9583 | D:7      | Killed Menkaure
  9584 | D:7      | Reached skill level 1 in Shapeshifting
  9802 | D:7      | Noticed Maggie
  9817 | D:7      | Killed Maggie
 10286 | D:7      | Found a runed translucent door.
 10287 | D:7      | Noticed Crazy Yiuf
 10565 | D:8      | Reached XP level 9. HP: 43/47 MP: 9/14
 10938 | D:8      | Learned a level 2 spell: Jinxbite
 11557 | D:9      | Noticed a kobold demonologist
 11601 | D:8      | Noticed a smoke demon
 11606 | D:8      | Killed a kobold demonologist
 11607 | D:8      | Reached skill level 7 in Hexes
 11607 | D:8      | Reached skill level 5 in Shapeshifting
 11886 | D:9      | Reached skill level 8 in Hexes
 12103 | D:9      | Found a transporter.
 12104 | D:9      | Found a transporter.
 12107 | D:9      | Found a transporter.
 12187 | D:9      | Found a transporter.
 12293 | D:9      | Reached skill level 9 in Hexes
 12763 | D:9      | Reached skill level 10 in Hexes
 12769 | D:9      | Reached XP level 10. HP: 39/51 MP: 6/15
 12769 | D:9      | Gained a life (2 lives remaining)
 12795 | D:9      | Slain by a yak
 12795 | D:9      | Lost a life (1 life remaining)
 13035 | D:9      | Found a bloodstained altar of Trog.
 13100 | D:9      | Reached skill level 11 in Hexes
 13334 | D:10     | Entered Level 10 of the Dungeon
 13854 | D:10     | Noticed a two-headed ogre
 13869 | D:10     | Killed a two-headed ogre
 13870 | D:10     | Reached skill level 12 in Hexes
 13890 | D:10     | Identified the +1 helmet of the Swamp {Will+ Regen+ Int-3}
 14061 | D:10     | Reached skill level 13 in Hexes
 14673 | D:10     | Reached skill level 14 in Hexes
 14892 | D:10     | Found a burning altar of Makhleb.
 15124 | D:10     | Reached skill level 15 in Hexes
 15232 | D:11     | Noticed a brown ugly thing
 15254 | D:11     | Killed a red ugly thing
 15290 | D:11     | Noticed Harold
 15341 | D:10     | Killed Harold
 15342 | D:10     | Reached XP level 11. HP: 55/55 MP: 14/16
 15407 | D:11     | Found a staircase to the Lair.
 16008 | D:11     | Noticed a two-headed ogre
 16015 | D:11     | Killed a two-headed ogre
 16235 | Lair:1   | Entered Level 1 of the Lair of Beasts
 16653 | Lair:1   | Reached skill level 5 in Spellcasting
 16793 | Lair:1   | Learned a level 7 spell: Enfeeble
 16810 | Lair:1   | Noticed a boulder beetle
 16823 | Lair:1   | Killed a boulder beetle
 17374 | Lair:1   | Identified the +1 plate armour of Ycunluijop {Str+3 Int+4
                  | Stlth+}
 17582 | Lair:1   | Noticed Erica
 17598 | Lair:1   | Mangled by Erica
 17598 | Lair:1   | Lost a life (0 lives remaining)
 17610 | Lair:1   | Noticed a boulder beetle
 17633 | Lair:1   | Killed a boulder beetle
 17646 | Lair:1   | Killed Erica
 18688 | Lair:2   | Gained mutation: Your thick and shaggy fur keeps you warm.
                  | (AC +3, rC+) [Felid growth]
 18688 | Lair:2   | Reached XP level 12. HP: 63/63 MP: 10/22
 18876 | Lair:2   | Noticed a boulder beetle
 18905 | Lair:2   | Killed a boulder beetle
 19616 | Lair:2   | Noticed a catoblepas
 20287 | Lair:2   | Killed a catoblepas
 20640 | Lair:3   | Noticed Nessos
 20641 | Lair:3   | Killed from afar by an oklob plant

Illustrated notes

Levels and vault maps discovered:
D:1:      psy_arrival_fountain, layout_basic, nicolae_titane
D:2:      minmay_door_path, layout_loops_corners,
          dreamdust_ecumenical_altar_angels_and_demons, basic_altar
D:3:      layout_loops_ring, gammafunk_ghost_grave, uniq_terence
D:4:      layout_cave_pools, chequers_temple_overflow_minitemple,
          ebering_ghost_rock_garden
D:5:      layout_layer_cave, minmay_temple_entry_trees, serial_glass,
          glass_columns_a, glass_columns_a, due_unseen_surprise,
          minmay_strange_pillars, minmay_strange_pillars, item_on_display_a
D:6:      layout_layer_cave, nicolae_kikubaaqudgha_miasma_corner,
          kennysheep_generic_room_8
D:7:      layout_cave_pools, enter_bailey_6, grunt_decor_fettered, uniq_maggie,
          uniq_crazy_yiuf_cottage, uniq_menkaure
D:8:      layout_cave_pools, serial_demonic, serial_demonic_g, serial_demonic_d,
          serial_demonic_b, serial_demonic_g, serial_demonic_f, serial_demonic_a
D:9:      layout_basic, marbit_many_paths, nicolae_diode_quadrants
D:10:     layout_basic, demons_altar, kennysheep_generic_room_7
D:11:     layout_grid_maze, lair_entry_dummy, uniq_harold
Temple:   eino_temple_scatter_basement
Lair:1:   layout_concentric_octagons, infiniplex_staircase_pool,
          grunt_megastairs_2, uniq_erica
Lair:2:   layout_regular_city, nicolae_volcano_entry_s_turn,
          hibernation_bobbens, grunt_megastairs_5
Lair:3:   dpeg_oklob_shooting_range, layout_small_grid,
          minmay_shoals_entry_lonely_mermaid, dummy_spider_entry, serial_forest,
          infiniplex_forest_clump_tiny, infiniplex_forest_clump_tiny,
          infiniplex_forest_straight_1, infiniplex_forest_straight_2,
          infiniplex_forest_lined_2, infiniplex_forest_clump_double,
          infiniplex_staircase_pool_2, uniq_amaemon, uniq_nessos

Skill      XL: |  1  2  3  4  5  6  7  8  9 10 11 12 |
---------------+-------------------------------------+-----
Ice Magic      | 1 |  1.5
Hexes          | 5 6 10 15 | 15.8
Spellcasting   | 3 6 |  6.0
Unarmed Combat | 2 3 4 5 6 7 |  7.8
Fighting       | 1 2 3 5 7 |  7.9
Dodging        | 3 6 8 9 |  9.9
Translocations | 4 |  4.0
Fire Magic     | 1 |  1.0
Evocations     | 3 |  3.0
Shapeshifting  | 4 6 7 |  7.0
Stealth        | |  4.0

Action                     |  1- 3 |  4- 6 |  7- 9 | 10-12 || total
---------------------------+-------+-------+-------+-------++-------
  Melee: Unarmed           |    93 |   245 |   345 |   534 ||  1217
         Bite              |     7 |    32 |    52 |   115 ||   206
         Punch             |       |    11 |    16 |    13 ||    40
   Cast: Ensorcelled Hiber |    27 |    17 |     7 |     4 ||    55
         Confusing Touch   |     1 |    18 |    52 |    69 ||   140
         Tukima's Dance    |       |    29 |    31 |    19 ||    79
         Volatile Blastmot |       |       |     3 |       ||     3
         Jinxbite          |       |       |     6 |    16 ||    22
         Enfeeble          |       |       |       |    30 ||    30
 Invoke: Potion Petition   |       |       |     1 |       ||     1
  Evoke: Wand              |       |       |     1 |     4 ||     5
         Sack of spiders   |       |       |       |     1 ||     1
    Use: Potion            |       |     2 |     1 |     2 ||     5
         Scroll            |       |     7 |     1 |     6 ||    14
   Stab: Sleeping          |    24 |    18 |     5 |     1 ||    48
         Confused          |       |    10 |    32 |    48 ||    90
         Distracted        |       |     1 |     2 |     2 ||     5
         Invisible         |       |       |       |    21 ||    21
 Armour: Skin              |    25 |    65 |   119 |   140 ||   349
  Dodge: Dodged            |    52 |   167 |   424 |   410 ||  1053
   Form: Flux              |       |       |       |     1 ||     1
